 Dungeon Crawl Stone Soup version 0.16-a0-1243-g6e0463c (webtiles) character file.

967 Amnekian the Cleaver (level 8, -9/64 (68) HPs)
             Began as a Hill Orc Gladiator on Oct 12, 2014.
             Mangled by an orc warrior
             ... wielding a +0 battleaxe
              (10 damage)
             ... on level 6 of the Dungeon.
             The game lasted 00:20:40 (5927 turns).

Amnekian the Cleaver (Hill Orc Gladiator)           Turns: 5927, Time: 00:20:40

HP:   -9/64 (68)    AC: 10    Str: 21    XL:     8   Next: 15%
MP:   8/8           EV:  7    Int: 10    God:
Gold: 142           SH:  0    Dex: 11    Spells: 0 memorised, 7 levels left

rFire  . . .     SeeInvis .     a - +1 war axe
rCold  . . .     Clarity  .     t - +0 chain mail
rNeg   . . .     SustAb   .     (no shield)
rPois  .         Gourm    .     c - +1 helmet
rElec  .         Spirit   .     (no cloak)
rCorr  .         Warding  .     (no gloves)
rMut   .         Stasis   .     (no boots)
MR     .....                    (no amulet)
Stlth  ..........               w - ring of wizardry
                                p - +3 ring of strength

@: drained, not resistant to hostile enchantments, extremely unstealthy
A: no striking features
a: no special abilities


You were on level 6 of the Dungeon.
You were hungry.

You visited 1 branch of the dungeon, and saw 7 of its levels.

You collected 142 gold pieces.

Inventory:

Hand weapons
 a - a +1 war axe (weapon)
 b - a +0 shortbow of flaming
Missiles
 d - 4 throwing nets
 g - 44 arrows
 k - 32 poisoned needles
 m - 87 stones (quivered)
 x - 4 needles of confusion
Armour
 c - a +1 helmet (worn)
 t - a +0 chain mail (worn)
 y - a +0 leather armour
Jewellery
 p - a +3 ring of strength (left hand)
 w - a ring of wizardry (right hand)
Magical devices
 o - a wand of confusion (38)
Scrolls
 e - 2 scrolls of remove curse
 h - 3 scrolls of enchant weapon
 j - a scroll of enchant armour
 n - 2 scrolls of identify
Potions
 i - 2 potions of curing
 u - a potion of heal wounds {unknown}
 v - a potion of brilliance {unknown}
 A - a potion of cure mutation {unknown}
 B - a potion of lignification {unknown}
Comestibles
 f - a meat ration
 l - a royal jelly
 r - a slice of pizza
 s - 2 bread rations
 z - 4 fruits


   Skills:
 * Level 5.2(4.6) Fighting
 - Level 11.2(10.5) Axes
 - Level 2.0(1.4) Throwing
 - Level 2.4(1.8) Dodging


You had 7 spell levels left.
You didn't know any spells.

Dungeon Overview and Level Annotations

Branches:
Dungeon (7/15)             Temple (0/1) D:6

Altars:
Fedhas
Makhleb
Trog

Annotations:
D:4 Pikel
D:5 Dowan, Duvessa
D:7 kapitany's ghost, experienced HOFi


Message History

You hit the orc warrior.
The orc warrior is lightly wounded.
The orc warrior laughs crazily.
You hit the orc warrior but do no damage.
The orc warrior is lightly wounded.
You slash the orc wizard!
The orc wizard is almost dead.
The orc wizard casts a spell.
The orc wizard seems to speed up.
You strike the helpless orc warrior from behind!
You hit the orc warrior.
The orc warrior is moderately wounded.
You hit the orc wizard.
You kill the orc wizard!
The orc warrior hits you with a battleaxe!
* * * LOW HITPOINT WARNING * * *
You completely miss the orc warrior.
The orc warrior is moderately wounded.
The orc warrior hits you with a battleaxe!
You die...

##..##..##...########....##.#
#.##..####..........#####.#
....#######....##### #.#
............##.# #.#
####..##########.#### #.#
##........# ##.....## #.#
............####.......##
#.##
###.......#.....))......#
#..# #.......#####o@.......#
##.# #.......## #.....>...#
#.# #....>...# ##.......##
#.# # #........### ##.....##
#.# ..######.#...## #######
#.### . #......### ##.... . #
#####....# ##..... ..# #.##.#
#...... #. #..# .. # #......


You could see an orc warrior (confused).

Vanquished Creatures
  A hungry ghost (D:6)
  A sky beast (D:6)
  A necrophage (D:6)
  A centaur (D:4)
  A giant frog (D:6)
  A goliath beetle (D:6)
  A crimson imp (D:6)
  A giant frog zombie (D:6)
  2 orc priests
  3 hounds
  An orc wizard (D:6)
  A worker ant (D:6)
  5 adders
  A gnoll zombie (D:6)
  A shadow imp (D:6)
  4 gnolls (D:6)
  5 worms
  3 giant geckos
  9 orcs
  A giant cockroach (D:1)
  8 goblins
  8 hobgoblins
  7 jackals (D:1)
  9 kobolds
  A ball python (D:1)
  11 bats
  3 giant newts
  4 rats
95 creatures vanquished.

Vanquished Creatures (others)
  A bat (D:6)
1 creature vanquished.

Grand Total: 96 creatures vanquished

Notes
Turn   | Place    | Note
--------------------------------------------------------------
     0 | D:1      | Amnekian, the Hill Orc Gladiator, began the quest for the Orb.
     0 | D:1      | Reached XP level 1. HP: 18/18 MP: 1/1
    78 | D:1      | Reached XP level 2. HP: 23/25 MP: 2/2
   365 | D:1      | Reached skill level 5 in Axes
   731 | D:2      | Reached XP level 3. HP: 27/30 MP: 3/3
  1201 | D:2      | Reached skill level 6 in Axes
  1355 | D:2      | Reached XP level 4. HP: 24/37 MP: 4/4
  2457 | D:3      | Reached skill level 7 in Axes
  2457 | D:3      | Reached XP level 5. HP: 23/42 MP: 5/5
  2891 | D:3      | Reached skill level 8 in Axes
  3200 | D:3      | Found a burning altar of Makhleb.
  3430 | D:4      | Found a bloodstained altar of Trog.
  3491 | D:4      | Found a blossoming altar of Fedhas.
  3491 | D:4      | Noticed a centaur
  3606 | D:4      | Killed a centaur
  3606 | D:4      | Reached skill level 9 in Axes
  3606 | D:4      | Reached XP level 6. HP: 15/50 MP: 6/6
  3861 | D:4      | Noticed Pikel
  3861 | D:4      | Noticed a slave
  3861 | D:4      | Noticed a slave
  3862 | D:4      | Noticed a slave
  3881 | D:5      | Entered Level 5 of the Dungeon
  3958 | D:5      | Upgraded the game from 0.16-a0-1212-geefc3ab to 0.16-a0-1243-g6e0463c
  4062 | D:5      | Noticed Duvessa
  4063 | D:5      | Noticed Dowan
  4384 | D:6      | Reached XP level 7. HP: 21/56 MP: 7/7
  4386 | D:6      | Reached skill level 10 in Axes
  5232 | D:6      | Reached skill level 11 in Axes
  5472 | D:6      | Noticed a hungry ghost
  5480 | D:6      | Killed a hungry ghost
  5480 | D:6      | Reached XP level 8. HP: 57/63 MP: 8/8
  5535 | D:6      | Reached skill level 5 in Fighting
  5599 | D:6      | Found a staircase to the Ecumenical Temple.
  5680 | D:7      | Noticed kapitany's ghost (experienced HOFi)
  5926 | D:6      | HP: 1/64 [orc warrior/battleaxe (16)]
  5927 | D:6      | Mangled by an orc warrior

Action                   |  1- 3 |  4- 6 |  7- 9 || total
-------------------------+-------+-------+-------++-------
Melee: War axe           |    99 |   152 |    72 ||   323
 Fire: Shortbow          |       |       |    35 ||    35
Throw: Stone             |       |     2 |     4 ||     6
Evoke: Wand              |       |       |     4 ||     4
  Use: Scroll            |       |       |     5 ||     5
 Stab: Confused          |       |       |     1 ||     1
  Eat: Chunk             |     1 |    10 |     4 ||    15
       Fruit             |       |       |     1 ||     1
